 Dungeon Crawl Stone Soup version 0.31-a0-182-gc5ef74bbde (webtiles) character file.

Game seed: 14684115397435846606

88 qw the Chopper (level 4, 0/28 HPs)
             Began as a Gargoyle Fighter on June 21, 2023.
             Slain by a cerulean imp
             ... wielding a +0 spear
             ... summoned by Natasha
              (3 damage)
             ... on level 2 of the Dungeon.
             The game lasted 00:00:41 (1121 turns).

qw the Chopper (Gargoyle Fighter)                   Turns: 1121, Time: 00:00:41

Health: 0/28       AC: 12    Str: 21    XL:     4   Next: 54%
Magic:  4/4        EV:  7    Int:  9    God:
Gold:   34         SH:  4    Dex:  9    Spells: 3/3 levels left

rFire   . . .        Y - +0 war axe
rCold   . . .        c - +0 buckler
rNeg    + . .        i - +0 chain mail
rPois   inf          (no helmet)
rElec   +            (no cloak)
rCorr   .            (no gloves)
SInv    .            (no boots)
Will    .....        (no amulet) Stlth
                     (no ring)
HPRegen 0.24/turn    (no ring)
MPRegen 0.09/turn

%: no passive effects
@: slowed, very slow
A: sickness immunity, AC +3, negative energy resistance 1, electricity
resistance, torment resistance 1, petrification resistance
a: no special abilities


You were on level 2 of the Dungeon.
You visited 1 branch of the dungeon, and saw 2 of its levels.

You collected 34 gold pieces.


Innate Abilities, Weirdness & Mutations

You are immune to sickness and miasma.
Your stone body is resilient. (AC +3)
You are immune to poison.
You resist negative energy. (rN+)
You are resistant to electric shocks. (rElec)
You are resistant to unholy torment.
You are immune to petrification.


   Skills:
 - Level 3.2 Fighting
 + Level 4.2 Axes
 - Level 3.2 Armour
 - Level 3.2 Shields


You had 3 spell levels left.
You didn't know any spells.
Your spell library was empty.

Inventory:

Hand Weapons
 e - a +0 mace
 Y - a +0 war axe (weapon)
Armour
 c - a +0 buckler (worn)
 i - a +0 chain mail (worn)
Scrolls
 b - a scroll of enchant weapon {unknown}
 f - a scroll of identify
Potions
 d - a potion of might
 g - a potion of curing {unknown}
 h - a potion of ambrosia {unknown}

Dungeon Overview and Level Annotations

Branches:
Dungeon (2/15)

Altars:

Annotations:
D:2 Natasha


Message History

You block Natasha's attack.
The cerulean imp hits you but does no damage.
You barely miss Natasha. You barely miss the cerulean imp.
Natasha casts a spell.
The cerulean imp closely misses you. Natasha barely misses you.
The cerulean imp hits you with a +0 spear.
You barely miss Natasha. You slash the cerulean imp!
Natasha claws you but does no damage.
The cerulean imp hits you with a +0 spear.
Natasha howls an incantation.
Natasha shimmers violently.
Natasha claws you but does no damage. The cerulean imp barely misses you.
The cerulean imp completely misses you. Natasha casts a spell at you.
The magic dart hits you.
You barely miss the cerulean imp.
The cerulean imp is severely wounded.
You barely miss Natasha.
The cerulean imp hits you but does no damage. x2
Natasha claws you but does no damage.
The cerulean imp hits you but does no damage.
You block the cerulean imp's attack. Natasha casts a spell at you.
The magic dart hits you but does no damage.
You closely miss the cerulean imp.
The cerulean imp is severely wounded.
You barely miss Natasha. The cerulean imp closely misses you.
The cerulean imp hits you with a +0 spear.
Natasha claws you.
The cerulean imp hits you but does no damage. x2
Natasha casts a spell at you. You resist with some effort.
You barely miss the cerulean imp.
The cerulean imp is severely wounded.
You hit Natasha but do no damage.
The cerulean imp hits you but does no damage. x2
Natasha completely misses you.
The cerulean imp hits you from afar with a +0 spear.
You die...

####### . #......# #.
#......# .. #......# .#
# #......# #. .##
#.:....# .#.#.#
#......#########....[#
#.....)%........#5#.#..
#....).########@h......
#####>.......(.5.#.#.##
#.###########.... #.#
#...# #.# ..... #.#
..## #.# .... #.# ###
####### #.# #....%.


You could see Natasha and 2 cerulean imps.

Vanquished Creatures
  Terence (D:2)
  Natasha (D:2)
  A worm (D:2)
  A dart slug (D:2)
  3 ball pythons
  4 bats
  An endoplasm (D:1)
  A giant cockroach (D:2)
  4 goblins (D:2)
  2 hobgoblins
  3 kobolds (D:2)
  2 quokkas
  3 frilled lizards (D:1)
  7 rats
34 creatures vanquished.

Notes
Turn   | Place    | Note
-------+----------+-------------------------------------------
     0 | D:1      | qw the Gargoyle Fighter began the quest for the Orb.
     0 | D:1      | Reached XP level 1. HP: 14/14 MP: 1/1
     0 | D:1      | 0 ||| qw: Version: 0.3-a-9-g12657ce
     0 | D:1      | 0 ||| qw: Game counter: 1650
     0 | D:1      | 0 ||| qw: Always use a shield: true
     0 | D:1      | 0 ||| qw: God list: Okawaru
     0 | D:1      | 0 ||| qw: Allow faded altars: false
     0 | D:1      | 0 ||| qw: Do Orc after D:15 true
     0 | D:1      | 0 ||| qw: Do second Lair branch before Depths: true
     0 | D:1      | 0 ||| qw: Lair rune preference: random
     0 | D:1      | 0 ||| qw: Plans: Normal, Zot:1-4, Slime:5, God:TSO, Crypt,
                  | Tomb, Abyss, Pan, Hells, Win
     0 | D:1      | 0 ||| PLANNING D:1-11
    67 | D:1      | Reached skill level 2 in Axes
   204 | D:1      | Reached XP level 2. HP: 19/19 MP: 2/2
   508 | D:1      | 508 ||| UPGRADING to +0 chain mail.
   518 | D:1      | 518 ||| DROPPING +0 scale mail.
   519 | D:1      | 519 ||| DROPPING ring of wizardry.
   520 | D:1      | 520 ||| READING scroll labelled KERUAB PEJISODO.
   532 | D:1      | 532 ||| READING 2 scrolls labelled YMOTHR LUEMU.
   533 | D:1      | 533 ||| READING scroll labelled XEDIOKHLICUA.
   598 | D:2      | Noticed Natasha
   604 | D:2      | Killed Natasha
   605 | D:2      | Reached skill level 3 in Axes
   605 | D:2      | Reached XP level 3. HP: 13/23 MP: 3/3
   659 | D:2      | 659 ||| Stepping ~*~*~tactically~*~*~ (hiding).
   661 | D:2      | 661 ||| Stepping ~*~*~tactically~*~*~ (hiding).
   662 | D:2      | 662 ||| Stepping ~*~*~tactically~*~*~ (hiding).
   664 | D:2      | 664 ||| Stepping ~*~*~tactically~*~*~ (hiding).
   759 | D:2      | 759 ||| Stepping ~*~*~tactically~*~*~ (hiding).
   934 | D:2      | Reached XP level 4. HP: 17/28 MP: 4/4
   992 | D:2      | Noticed Terence
  1002 | D:2      | Killed Terence
  1003 | D:2      | Reached skill level 4 in Axes
  1063 | D:2      | 1063 ||| DROPPING +0 club.
  1107 | D:2      | Noticed Natasha
  1120 | D:2      | HP: 3/28 [Natasha (5)]
  1121 | D:2      | Slain by a cerulean imp

Levels and vault maps discovered:
D:1:      tarquinn_simple_flora_water_d, layout_rooms
D:2:      layout_basic, serial_shops, nicolae_shop_rolled_up, hex_tiny,
          uniq_terence, uniq_crazy_yiuf_cottage, uniq_natasha

Skill      XL: |  1  2  3  4 |
---------------+-------------+-----
Axes           | 2 3 4 |  4.2
Fighting       | |  3.2
Armour         | |  3.2
Shields        | |  3.2

Action                     |  1- 3 |  4- 6 || total
---------------------------+-------+-------++-------
  Melee: War axe           |    79 |    30 ||   109
    Use: Scroll            |     3 |       ||     3
 Armour: Scale mail        |    12 |       ||    12
         Chain mail        |    38 |    40 ||    78
  Dodge: Dodged            |    33 |    13 ||    46
  Block: Buckler           |    20 |     7 ||    27

Table legend:
 A = Non-vault XP
 B = Vault XP
 C = Vault XP percentage of total XP
 D = Non-vault monster count
 E = Vault monster count
 F = Vault count percentage of total count
                 A         B        C        D         E       F
            +---------+---------+-------+---------+---------+-------
      Total |      56 |      71 |  55.9 |      32 |       2 |   5.9
            +---------+---------+-------+---------+---------+-------
        D:1 |      19 |       0 |   0.0 |      14 |       0 |   0.0
        D:2 |      37 |      71 |  65.7 |      18 |       2 |  10.0
            +---------+---------+-------+---------+---------+-------
